 Dungeon Crawl Stone Soup version 0.25-a0-701-gb30f108f01 (webtiles) character file.

Game seed: 907592296941916603, levelgen mode: deterministic

24 sanka the Sneak (level 2, -1/11 HPs)
             Began as a Felid Wanderer on Apr 1, 2020.
             Slain by a goblin
             ... wielding a +0 spear
              (5 damage)
             ... on level 1 of the Dungeon on Apr 3, 2020.
             The game lasted 00:03:14 (1615 turns).

sanka the Sneak (Felid Wanderer)                    Turns: 1615, Time: 00:03:15

Health: -1/11      AC:  1    Str:  6    XL:     2   Next: 79%
Magic:  0/5        EV: 15    Int: 17    God:
Gold:   39         SH:  0    Dex: 13    Spells: 2/4 levels left
                                        Lives:  0   Deaths: 0

rFire    . . .     SeeInvis +   (weapon unavailable)
rCold    . . .     Gourm    .   (shield unavailable)
rNeg     . . .     Faith    .   (armour unavailable)
rPois    .         Spirit   .   (helmet unavailable)
rElec    .         Reflect  .   (cloak unavailable)
rCorr    .         Harm     .   (gloves unavailable)
MR       .....                  (boots unavailable)
Stlth    ++........             (no amulet)
HPRegen  0.03/turn              (no ring)
MPRegen  0.09/turn              (no ring)

@: very slightly contaminated, quick
A: very small, no armour, no weapons or thrown items, stealth, claws 1, fangs 3,
see invisible, carnivore, speed 1, shaggy fur 1, slow metabolism 1, sharp paws
a: no special abilities


You were on level 1 of the Dungeon.
You were very full.

You visited 1 branch of the dungeon, and saw 1 of its levels.

You collected 39 gold pieces.


Innate Abilities, Weirdness & Mutations

You cannot wear armour.
You are incapable of wielding weapons or throwing items.
Your paws allow you to move quietly. (Stealth)
You have sharp claws.
You have razor-sharp teeth.
You have supernaturally acute eyesight. (SInv)
You are carnivorous and can eat meat at any time.
You cover ground quickly.
You are covered in fur. (AC +1)
You have a slow metabolism.
Your sharp claws are effective at attacking unaware monsters.


   Skills:
 - Level 2.6 Stealth
 + Level 1.9 Spellcasting
 + Level 1.9 Conjurations
   Level 1.5 Hexes
   Level 2.1 Transmutations
   Level 2.6 Ice Magic


You had 2 spell levels left.
You knew the following spells:

 Your Spells              Type           Power        Failure   Level  Hunger
y - Sandblast             Erth           #.....       21%         1    #......
z - Magic Dart            Conj           #...         9%          1    #......

Your spell library contained the following spells:

 Spells                   Type           Power        Failure   Level  Hunger
 Foxfire                  Conj/Fire      #...         13%         1    #......
 Passwall                 Tmut/Erth      #.......     19%         2    ###....
 Dazzling Flash           Conj/Hex       #.....       28%         3    ###....
 Stone Arrow              Conj/Erth      #.....       36%         3    ###....
 Inner Flame              Hex/Fire       #.......     38%         3    ###....
 Petrify                  Tmut/Erth      #.......     77%         4    #####..
 Lee's Rapid Deconstruct  Erth           #.........   99%         5    ######.

Inventory:

Missiles
 a - 26 stones
Scrolls
 c - a scroll of identify {unknown}
 e - 3 scrolls of remove curse {unknown}
Potions
 b - a potion of mutation {unknown}
Comestibles
 d - 2 rations

Dungeon Overview and Level Annotations

Branches:
Dungeon (1/15)

Altars:

..▒.....≈≈≈≈≈≈≈.....▒............
..▒....≈≈≈≈≈≈≈≈≈....▒.▒▒▒.......)
..▒▒▒▒▒▒▒▒▒▒▒▒▒▒▒▒▒▒▒............
▒...................▒............
.▒▒▒▒▒..........▒................
)..▒ ▒..........▒.▒.▒▒...........
...▒▒▒..........▒.▒.▒▒...▒▒......
.........................).......
................h.......▒▒▒....▒▒
▒▒.....÷.......g........▒ ▒....▒▒
▒▒.............▒.........▒▒....▒▒
...............▒....▒....▒▒....▒▒
...............▒....▒....▒▒......
...............▒....▒▒.▒▒▒▒....▒▒
..................▒▒▒▒..▒...▒▒'▒▒
...▒▒▒.........▒▒▒..........▒....
...▒▒▒.........▒ ▒..........▒....


You could see a goblin.


Message History

Aim: a goblin, wielding a +0 spear and wearing a +0 chain mail (hasn't noticed you)
You miscast Magic Dart.
You are very lightly contaminated with residual magic.
Your skin glows momentarily.
The goblin shouts!
Aiming: Magic Dart (safe; 9% risk of failure)
Aim: a goblin, wielding a +0 spear and wearing a +0 chain mail The magic dart hits the goblin but does no damage.
Aiming: Magic Dart (safe; 9% risk of failure)
Aim: a goblin, wielding a +0 spear and wearing a +0 chain mail You miscast Magic Dart.
Nothing appears to happen.
Aiming: Magic Dart (safe; 9% risk of failure)
Aim: a goblin, wielding a +0 spear and wearing a +0 chain mail The magic dart hits the goblin but does no damage.
Aiming: Magic Dart (safe; 9% risk of failure)
Aim: a goblin, wielding a +0 spear and wearing a +0 chain mail The magic dart hits the goblin but does no damage.
You don't have enough magic to cast that spell.
The goblin hits you from afar with a +0 spear.
The goblin closely misses you.
You scratch the goblin but do no damage.
You bite the goblin, but do no damage. The goblin closely misses you.
You scratch the goblin but do no damage.
The goblin hits you with a +0 spear.
* * * LOW HITPOINT WARNING * * *
You closely miss the goblin. The goblin hits you with a +0 spear.
You die...

Action                   || total
-------------------------++-------
Melee: Unarmed           ||    34
       Bite              ||     1
 Cast: Magic Dart        ||    45
  Eat: Chunk             ||     8
Armor: Skin              ||     4
Dodge: Dodged            ||    22

Levels and vault maps discovered:
D:1:      nzn_arrival_depleted_hourglass, layout_basic

Notes
Turn   | Place    | Note
-------+----------+-------------------------------------------
     0 | D:1      | sanka the Felid Wanderer began the quest for the Orb.
     0 | D:1      | sanka set off with the following items: a ration; and the
                  | following spells available to memorise: Magic Dart,
                  | Foxfire, Passwall, Sandblast, Dazzling Flash, Inner Flame,
                  | Stone Arrow, Petrify, Lee's Rapid Deconstruction
     0 | D:1      | Reached XP level 1. HP: 7/7 MP: 3/3
     0 | D:1      | Upgraded the game from 0.25-a0-697-g890751e744 to
                  | 0.25-a0-701-gb30f108f01
     2 | D:1      | Learned a level 1 spell: Magic Dart
   505 | D:1      | Reached XP level 2. HP: 11/11 MP: 1/5
   612 | D:1      | Learned a level 1 spell: Sandblast
  1615 | D:1      | Slain by a goblin

Vanquished Creatures
  2 giant cockroaches (D:1)
  6 goblins (D:1)
  3 hobgoblins (D:1)
  A kobold (D:1)
  A ball python (D:1)
  2 bats (D:1)
  2 frilled lizards (D:1)
  6 rats (D:1)
23 creatures vanquished.
